 Dungeon Sprint DCSS version 0.17-a0-1923-gc35365e (webtiles) character file.

99656 Kidiri the Imperceptible (level 14, 0/74 HPs)
             Began as a Spriggan Enchanter on Sept 28, 2015.
             Was the Champion of Dithmenos.
             Slain by a sixfirhy (7 damage)
             ... summoned by a mummy priest
             ... while paralysed
             ... in the Dungeon (Sprint III: "The Ten Rune Challenge").
             The game lasted 00:51:23 (10021 turns).

Kidiri the Imperceptible (Spriggan Enchanter)      Turns: 10021, Time: 00:51:23

Health: 0/74       AC:  7    Str:  0 (5)  XL:     14   Next: 98%
Magic:  31/34      EV:  4    Int: 19      God:    Dithmenos [******]
Gold:   2132       SH:  0    Dex: 23      Spells: 12 memorised, 4 levels left

rFire  . . .     SeeInvis +     G - +4 rapier (vamp)
rCold  x . .     Clarity  .     r - +1 robe of Servitude {rN++}
rNeg   + + .     SustAt   .     J - +1 buckler
rPois  +         Gourm    .     v - +0 hat
rElec  .         Spirit   .     H - +0 cloak
rCorr  .         Warding  .     (gloves unavailable)
rMut   .         NoTele   +     (boots unavailable)
MR     +++++                    F - amulet of Vitality {Regen+ HP+15}
Stlth  ++++++++++               z - +4 ring of dexterity
                                I - ring of Zycidghu {rPois rC- MR+++ Str+3 Slay-5}

@: paralysed, slowed, lost strength, wreathed by umbra, very quick, almost
entirely resistant to hostile enchantments, uncannily stealthy
A: unfitting armour, icy blue scales 1, molten scales 1, see invisible, breathe
flames 1, herbivore 3, speed 3, low mp 1, slow healing 1, slow metabolism 2,
weak 1, evolution 1, subdued magic 1
a: Shadow Step, Shadow Form, Renounce Religion, Breathe Fire
}: 2/10 runes: decaying, barnacled


You were in the Dungeon.
You worshipped Dithmenos.
Dithmenos was exalted by your worship.
You were not hungry.

You visited 1 branch You collected 3869 gold pieces.
You spent 1737 gold pieces at shops.

Inventory:

Hand weapons
 G - a +4 vampiric rapier (weapon)
Armour
 r - the +1 robe of Servitude (worn) {rN++}
   (You bought it in a shop in the Dungeon)

   It greatly protects you from negative energy.
 v - a +0 hat (worn)
 w - a +2 robe of cold resistance
 H - a +0 cloak (worn)
 J - a +1 buckler (worn)
Jewellery
 j - an uncursed ring of stealth
 x - an uncursed amulet of resist mutation
 y - an uncursed ring of flight
 z - a +4 ring of dexterity (right hand)
 A - the ring "Wualat" {Ice Dex+2 SInv}
   (You found it in the Dungeon)

   [ring of ice]

   It enhances your ice magic, and weakens your fire magic.
   It affects your dexterity (+2).
   It makes you vulnerable to fire.
   It protects you from cold.
   It lets you see invisible.
 D - an uncursed amulet of rage
 F - the amulet of Vitality (around neck) {Regen+ HP+15}
   (You took it off a deep elf death mage in the Dungeon)

   [amulet of regeneration]

   It affects your health (+15).
   It increases your rate of regeneration.
 I - the ring of Zycidghu (left hand) {rPois rC- MR+++ Str+3 Slay-5}
   (You found it in the Dungeon)

   [ring of poison resistance]

   It affects your strength (+3).
   It affects your accuracy and damage with ranged weapons and melee attacks
   (-5).
   It makes you vulnerable to cold.
   It protects you from poison.
   It affects your resistance to hostile enchantments.
 M - an uncursed ring of protection from cold
Magical devices
 d - a wand of heal wounds (5)
 K - a wand of heal wounds (5)
Scrolls
 b - a scroll of silence
 l - a scroll of torment
 m - a scroll of identify
 n - 5 scrolls of remove curse
 q - a scroll of holy word
 E - 2 scrolls of amnesia
Potions
 c - a potion of might
 e - 7 potions of curing
 f - 8 potions of heal wounds
 g - a potion of haste
 h - a potion of agility
 p - 2 potions of cure mutation
 s - a potion of flight
Comestibles
 k - 2 fruits
 o - 28 royal jellies


   Skills:
 * Level 17.8 Short Blades
 + Level 9.7 Armour
 * Level 22.4 Dodging
 * Level 23.8 Stealth
 + Level 4.2 Shields
 * Level 19.2 Spellcasting
 + Level 9.4 Conjurations
 + Level 14.6 Hexes
 + Level 8.1 Charms
 + Level 8.4 Translocations
 + Level 7.5 Transmutations
 + Level 10.3 Ice Magic
 + Level 5.3 Air Magic
 + Level 5.2 Earth Magic
 - Level 6.7 Invocations


You had 4 spell levels left.
You knew the following spells:

 Your Spells              Type           Power        Failure   Level  Hunger
a - Corona                Hex            #####..      0%          1    None
b - Ensorcelled Hibernat  Hex/Ice        #####.       0%          2    None
c - Confuse               Hex            #####...     0%          3    None
d - Tukima's Dance        Hex            #####...     0%          3    None
e - Dazzling Spray        Conj/Hex       #####...     0%          3    None
f - Stoneskin             Trmt/Erth      ####....     1%          2    None
g - Darkness              Hex            #####.....   1%          6    ####...
h - Mass Confusion        Hex            #####.....   1%          6    ####...
i - Phase Shift           Tloc           ####......   1%          5    ##.....
j - Discord               Hex            #####.....   56%         8    #######
k - Deflect Missiles      Chrm/Air       ####......   21%         6    ####...
l - Shroud of Golubria    Chrm/Tloc      ####......   1%          2    None


Dungeon Overview and Level Annotations

Branches:
Dungeon (1/1)

Altars:
Cheibriados
Dithmenos
Elyvilon
Fedhas
Gozag
Kikubaaqudgha
Makhleb
Nemelex Xobeh
Okawaru
Qazlal
Ru
Sif Muna
Trog
Vehumet
Xom
Yredelemnul
Zin
The Shining One
Jiyva
Lugonu

Shops:
D }%(*![=:(*?[![*}=%}


Innate Abilities, Weirdness & Mutations

You are tiny and cannot use many weapons and most armour.
You have supernaturally acute eyesight.
You are a herbivore.
You cover ground extremely quickly.
You need consume almost no food.
You are partially covered in icy blue scales (AC +1).
You are partially covered in molten scales (AC +1).
You can breathe flames.
Your magical capacity is low (-10% MP).
You heal slowly when monsters are visible.
You are weak. (Str -2)
You evolve.
Your spells are a little easier to cast, but a little less powerful.


Message History

You destroy the guardian mummy!
Dithmenos accepts your kill.
You feel extremely nervous for a moment...
You convulse helplessly as pain tears through your body!
Unknown command.
The helpless guardian mummy fails to defend itself.
You stick the guardian mummy like a pincushion!!!!!
You destroy the guardian mummy!
Dithmenos accepts your kill.
You feel extremely nervous for a moment...
You feel weakened.
You have lost your strength.
The mummy priest utters an invocation to its god.
The neqoxec barely misses you. The sixfirhy hits you! The sixfirhy shocks you!
You emit a cloud of dark smoke.
The mummy priest hits you!!
* * * LOW HITPOINT WARNING * * *
You emit a cloud of dark smoke.
The sixfirhy hits you!
* * * LOW HITPOINT WARNING * * *
You emit a cloud of dark smoke.
The sixfirhy shocks you!
You die...

#/(.###^^.....(+..#
#.....^........+..#
#}......^^.....#..#
################..#
#...........%.....#
▓'▓▓▓▓▓▓▓▓▓▓▓▓▓▓▓▓▓
▓..#...^...^^.^^..#
▓..#....^.....^§3§#
▓..#..##########@§#
▓.^#..# #M4#
▓..#..# #..#
▓..#^.# #..#
▓..#..# #..#
▓..#..# #..#
▓..#^.# ...#
▓..'.^# ...#
▓######


You could see a mummy priest, a sixfirhy and a neqoxec.

Vanquished Creatures
  Norris (D)
  Rupert (D)
  A lich (D)
  A deep elf blademaster (D)
  2 sphinxes (D)
  Polyphemus (D)
  Gastronok (D)
  Harold (D)
  Chuck (D)
  4 azure jellies (D)
  2 shadow dragons (D)
  Ilsuiw (D)
  Maud (D)
  3 deep elf demonologists (D)
  A deep elf annihilator (D)
  2 dire elephants (D)
  Snorg (D)
  A merfolk javelineer (D)
  A mummy priest (D)
  2 deep elf death magi (D)
  A yaktaur captain (D)
  A fire dragon (D)
  3 hydras (D)
  An ogre mage (D)
  4 dancing weapons (D)
  2 centaur warriors (D)
  4 death yaks (D)
  3 deep elf knights (D)
  A sea snake (D)
  A spriggan druid (D)
  3 death drakes (D)
  An unseen horror (D)
  An obsidian statue (D)
  A lindwurm (D)
  An anubis guard (shapeshifter) (D)
  Joseph (D)
  A spectral hydra (D)
  2 orc knights (D)
  2 ugly things (D)
  A mana viper (shapeshifter) (D)
  2 black mambas (D)
  2 spiny frogs (D)
  2 elephants (D)
  An orange crystal statue (D)
  A komodo dragon (D)
  3 guardian mummies (D)
  A fire drake (D)
  3 wandering mushrooms (D)
  A merfolk (shapeshifter) (D)
  4 spriggan defenders (D)
  3 deep elf priests (D)
  A queen bee (D)
  8 blink frogs (D)
  An orc high priest (D)
  9 slime creatures (D)
  3 redbacks (D)
  A shadow (D)
  2 spriggans (D)
  A spatial vortex (D)
  A swamp drake (D)
  A necrophage (D)
  6 swamp dragon skeletons (D)
  2 centaurs (D)
  An earth elemental (D)
  2 brain worms (D)
  A brain worm (shapeshifter) (D)
  A water elemental (D)
  A scorpion (D)
  32 killer bees (D)
  An electric eel (D)
  4 orc wizards (D)
  A jelly (D)
  4 orc priests (D)
  A necromancer (D)
  A wizard (D)
  3 sheep (D)
  A kobold demonologist (D)
  3 humans (D)
  An ooze (D)
  11 orcs (D)
  3 rats (D)
  11 plants (D)
206 creatures vanquished.

Vanquished Creatures (collateral kills)
  4 skeletal warriors (D)
4 creatures vanquished.

Vanquished Creatures (others)
  2 draconian scorchers (D)
  A mummy priest (D)
  A dancing weapon (D)
  2 guardian mummies (D)
  2 yaktaurs (D)
  A bush (D)
  A plant (D)
10 creatures vanquished.

Grand Total: 220 creatures vanquished

Notes
Turn   | Place    | Note
--------------------------------------------------------------
     0 | D        | Kidiri the Spriggan Enchanter began the quest for the Orb.
     0 | D        | Reached XP level 1. HP: 9/9 MP: 5/5
     9 | D        | Reached skill level 5 in Stealth
    64 | D        | Noticed a scorpion
    67 | D        | Killed a scorpion
    67 | D        | Reached skill level 1 in Armour
    67 | D        | Reached skill level 5 in Dodging
    67 | D        | Reached skill level 6 in Stealth
    67 | D        | Reached XP level 2. HP: 13/13 MP: 5/8
    67 | D        | Reached XP level 3. HP: 16/16 MP: 6/10
    87 | D        | Learned a level 2 spell: Ensorcelled Hibernation
    91 | D        | Learned a level 3 spell: Confuse
    95 | D        | Learned a level 3 spell: Tukima's Dance
   117 | D        | Reached XP level 4. HP: 21/21 MP: 4/11
   122 | D        | Learned a level 3 spell: Dazzling Spray
   141 | D        | Gained mutation: You are weak. (Str -2) [potion of mutation]
   142 | D        | Gained mutation: You are partially covered in molten scales (AC +1). [potion of mutation]
   142 | D        | Gained mutation: Your magical capacity is low (-10% MP). [potion of mutation]
   142 | D        | Gained mutation: You evolve. [potion of mutation]
   151 | D        | Noticed a water elemental
   153 | D        | Killed a water elemental
   153 | D        | Reached skill level 7 in Stealth
   153 | D        | Reached skill level 5 in Spellcasting
   153 | D        | Reached skill level 1 in Ice Magic
   163 | D        | Noticed a jelly
   164 | D        | Noticed a shadow
   166 | D        | Killed a shadow
   166 | D        | Reached skill level 5 in Short Blades
   166 | D        | Reached skill level 8 in Dodging
   166 | D        | Reached skill level 9 in Stealth
   166 | D        | Reached skill level 1 in Conjurations
   166 | D        | Reached skill level 5 in Hexes
   166 | D        | Reached XP level 5. HP: 24/24 MP: 9/14
   166 | D        | Reached XP level 6. HP: 28/28 MP: 9/15
   169 | D        | Killed a jelly
   190 | D        | Killed a yaktaur
   220 | D        | Found a stormy altar of Qazlal.
   221 | D        | Found a sacrificial altar of Ru.
   221 | D        | Found a burning altar of Makhleb.
   221 | D        | Found a viscous altar of Jiyva.
   221 | D        | Found a shimmering altar of Xom.
   221 | D        | Found a shadowy altar of Dithmenos.
   221 | D        | Found a sparkling altar of Nemelex Xobeh.
   221 | D        | Found a corrupted altar of Lugonu.
   221 | D        | Found an opulent altar of Gozag.
   221 | D        | Noticed a spatial vortex
   225 | D        | Became a worshipper of Dithmenos the Shadowed
   241 | D        | Killed a spatial vortex
   241 | D        | Reached skill level 10 in Stealth
   241 | D        | Reached skill level 1 in Invocations
   347 | D        | Found a radiant altar of Vehumet.
   348 | D        | Found a deep blue altar of Sif Muna.
   348 | D        | Found an ancient bone altar of Kikubaaqudgha.
   348 | D        | Noticed a wizard
   349 | D        | Killed a wizard
   378 | D        | Found a glowing silver altar of Zin.
   379 | D        | Found a glowing golden altar of the Shining One.
   379 | D        | Found a white marble altar of Elyvilon.
   379 | D        | Noticed a deep elf priest
   386 | D        | Killed a deep elf priest
   386 | D        | Reached XP level 7. HP: 16/32 MP: 7/17
   418 | D        | Killed a white draconian scorcher
   549 | D        | Found an iron altar of Okawaru.
   550 | D        | Found a bloodstained altar of Trog.
   550 | D        | Noticed a human
   550 | D        | Noticed a human
   552 | D        | Killed a human
   552 | D        | Reached skill level 10 in Dodging
   552 | D        | Reached skill level 11 in Stealth
   553 | D        | Killed a human
   572 | D        | Found a snail-covered altar of Cheibriados.
   572 | D        | Noticed a necrophage
   573 | D        | Found a basalt altar of Yredelemnul.
   573 | D        | Found a blossoming altar of Fedhas.
   573 | D        | Noticed a necromancer
   573 | D        | Killed a white draconian scorcher
   577 | D        | Killed a necromancer
   577 | D        | Acquired Dithmenos's first power
   595 | D        | Killed a necrophage
   595 | D        | Reached XP level 8. HP: 29/36 MP: 2/20
   708 | D        | Noticed Snorg
   710 | D        | Killed Snorg
   710 | D        | Reached skill level 12 in Stealth
   710 | D        | Reached skill level 10 in Spellcasting
   713 | D        | Noticed an earth elemental
   716 | D        | Killed an earth elemental
   716 | D        | Reached skill level 13 in Stealth
   721 | D        | Noticed a centaur
   721 | D        | Noticed a centaur warrior
   721 | D        | Noticed a centaur
   726 | D        | Killed a centaur
   734 | D        | Killed a centaur
   734 | D        | Acquired Dithmenos's second power
   734 | D        | Reached XP level 9. HP: 30/39 MP: 9/21
   736 | D        | Killed a centaur warrior
   814 | D        | Noticed an unseen horror
   816 | D        | Killed an unseen horror
   816 | D        | Reached skill level 10 in Short Blades
   816 | D        | Reached skill level 14 in Stealth
   816 | D        | Reached skill level 5 in Ice Magic
   826 | D        | Noticed a killer bee
   826 | D        | Noticed a killer bee
   826 | D        | Noticed a killer bee
   826 | D        | Noticed a killer bee
   826 | D        | Noticed a killer bee
   826 | D        | Noticed a killer bee
   826 | D        | Noticed a killer bee
   826 | D        | Noticed a killer bee
   826 | D        | Noticed a killer bee
   826 | D        | Noticed a queen bee
   826 | D        | Noticed a killer bee
   826 | D        | Noticed a killer bee
   826 | D        | Noticed a killer bee
   826 | D        | Noticed a killer bee
   826 | D        | Noticed a killer bee
   827 | D        | Noticed a killer bee
   827 | D        | Noticed a killer bee
   828 | D        | Noticed a killer bee
   828 | D        | Noticed a killer bee
   828 | D        | Noticed a killer bee
   828 | D        | Killed a killer bee
   829 | D        | Noticed a killer bee
   830 | D        | Noticed a killer bee
   830 | D        | Noticed a killer bee
   830 | D        | Noticed a killer bee
   830 | D        | Noticed a killer bee
   830 | D        | Killed a killer bee
   831 | D        | Noticed a killer bee
   831 | D        | Noticed a killer bee
   833 | D        | Noticed a killer bee
   834 | D        | Noticed a killer bee
   834 | D        | Killed a killer bee
   834 | D        | Acquired Dithmenos's third power
   837 | D        | Killed a killer bee
   839 | D        | Killed a killer bee
   841 | D        | Killed a killer bee
   843 | D        | Killed a killer bee
   845 | D        | Noticed a killer bee
   845 | D        | Noticed a killer bee
   845 | D        | Killed a killer bee
   846 | D        | Noticed a killer bee
   847 | D        | Noticed a killer bee
   847 | D        | Killed a killer bee
   847 | D        | Acquired Dithmenos's fourth power
   847 | D        | Reached skill level 5 in Armour
   849 | D        | Killed a killer bee
   849 | D        | Reached skill level 5 in Invocations
   985 | D        | Killed a killer bee
   987 | D        | Killed a killer bee
   989 | D        | Killed a killer bee
   997 | D        | Killed a killer bee
  1001 | D        | Killed a killer bee
  1003 | D        | Killed a killer bee
  1005 | D        | Killed a killer bee
  1005 | D        | Reached XP level 10. HP: 44/44 MP: 2/23
  1232 | D        | Killed a killer bee
  1233 | D        | Killed a killer bee
  1236 | D        | Killed a killer bee
  1238 | D        | Killed a killer bee
  1240 | D        | Killed a killer bee
  1242 | D        | Killed a killer bee
  1244 | D        | Killed a killer bee
  1246 | D        | Killed a killer bee
  1248 | D        | Killed a killer bee
  1250 | D        | Killed a killer bee
  1252 | D        | Killed a killer bee
  1254 | D        | Killed a killer bee
  1258 | D        | Killed a killer bee
  1269 | D        | Killed a killer bee
  1552 | D        | Killed a queen bee
  1559 | D        | Killed a killer bee
  1646 | D        | Noticed a wandering mushroom
  1652 | D        | Killed a wandering mushroom
  1652 | D        | Reached skill level 15 in Stealth
  1713 | D        | Noticed a wandering mushroom
  1714 | D        | Noticed a wandering mushroom
  1715 | D        | Killed a wandering mushroom
  1718 | D        | Killed a wandering mushroom
  1742 | D        | Noticed a spiny frog
  1742 | D        | Noticed a komodo dragon
  1742 | D        | Noticed a spiny frog
  1747 | D        | Killed a spiny frog
  1751 | D        | Killed a spiny frog
  1753 | D        | Killed a komodo dragon
  1787 | D        | Noticed a redback
  1792 | D        | Killed a redback
  1793 | D        | Noticed a brain worm
  1797 | D        | Killed a brain worm
  1797 | D        | Reached skill level 5 in Conjurations
  1803 | D        | Noticed a brain worm
  1805 | D        | Killed a brain worm
  1810 | D        | Noticed a lindwurm
  1812 | D        | Noticed a redback
  1813 | D        | Killed a lindwurm
  1815 | D        | Killed a redback
  1820 | D        | Noticed a redback
  1821 | D        | Killed a redback
  1821 | D        | Reached skill level 15 in Dodging
  1821 | D        | Reached skill level 16 in Stealth
  1822 | D        | Noticed Maud
  1824 | D        | Killed Maud
  1824 | D        | Reached skill level 10 in Hexes
  1824 | D        | Reached XP level 11. HP: 47/47 MP: 26/26
  1828 | D        | Noticed an electric eel
  1829 | D        | Noticed a seven-headed hydra
  1829 | D        | Noticed a six-headed hydra
  1830 | D        | Killed an electric eel
  1836 | D        | Killed a six-headed hydra
  1838 | D        | Killed a seven-headed hydra
  1927 | D        | Noticed a death drake
  1930 | D        | Killed a death drake
  1930 | D        | Reached skill level 17 in Stealth
  1942 | D        | Found a blossoming altar of Fedhas.
  1942 | D        | Noticed a spriggan
  1942 | D        | Noticed a spriggan druid
  1942 | D        | Noticed a spriggan
  1944 | D        | Killed a spriggan druid
  1945 | D        | Killed a spriggan
  1946 | D        | Killed a spriggan
  1965 | D        | Noticed Polyphemus
  1966 | D        | Noticed Ilsuiw
  1967 | D        | Killed Polyphemus
  1969 | D        | Killed Ilsuiw
  1975 | D        | Reached skill level 18 in Stealth
  1980 | D        | Found Qysty Mom's Distillery.
  1980 | D        | Found Jepa's Antique Armour Shop.
  1980 | D        | Found Nenwop's Jewellery Shoppe.
  1980 | D        | Noticed a sea snake
  1980 | D        | Noticed a merfolk javelineer
  1982 | D        | Killed a sea snake
  2123 | D        | Killed a merfolk javelineer
  2123 | D        | Reached XP level 12. HP: 51/51 MP: 23/28
  2142 | D        | Got a barnacled rune of Zot
  2220 | D        | Noticed a swamp drake
  2220 | D        | Noticed a fire drake
  2221 | D        | Killed a fire drake
  2223 | D        | Killed a swamp drake
  2231 | D        | Noticed a blink frog
  2231 | D        | Noticed a blink frog
  2232 | D        | Noticed a blink frog
  2232 | D        | Noticed a blink frog
  2232 | D        | Noticed a blink frog
  2233 | D        | Killed a blink frog
  2238 | D        | Killed a blink frog
  2238 | D        | Killed a blink frog
  2243 | D        | Killed a blink frog
  2254 | D        | Killed a blink frog
  2425 | D        | Noticed Rupert
  2577 | D        | Killed Rupert
  2577 | D        | Reached skill level 15 in Spellcasting
  2706 | D        | Noticed a death yak
  2707 | D        | Noticed a death yak
  2707 | D        | Noticed a blink frog
  2708 | D        | Noticed an azure jelly
  2708 | D        | Noticed a death yak
  2708 | D        | Noticed an azure jelly
  2708 | D        | Noticed a blink frog
  2708 | D        | Noticed a death yak
  2709 | D        | Killed a death yak
  2709 | D        | Reached skill level 19 in Stealth
  2710 | D        | Killed a death yak
  2711 | D        | Noticed a blink frog
  2719 | D        | Killed a blink frog
  2722 | D        | Killed a blink frog
  2730 | D        | Killed a death yak
  2873 | D        | Killed a blink frog
  2877 | D        | Killed a death yak
  2886 | D        | Noticed an azure jelly
  2886 | D        | Noticed an azure jelly
  2888 | D        | Noticed a black mamba
  2897 | D        | Noticed a black mamba
  2900 | D        | Killed a black mamba
  2902 | D        | Killed a black mamba
  3327 | D        | Noticed a death drake
  3327 | D        | Noticed a swamp dragon skeleton
  3328 | D        | Noticed a swamp dragon skeleton
  3329 | D        | Killed a death drake
  3332 | D        | Noticed a death drake
  3333 | D        | Found Eptutyme's Gadget Shoppe.
  3333 | D        | Found Yzuekk's Food Boutique.
  3333 | D        | Found Buotu's Antique Weapon Emporium.
  3333 | D        | Noticed a swamp dragon skeleton
  3336 | D        | Killed a death drake
  3378 | D        | Noticed an elephant
  3378 | D        | Noticed an elephant
  3378 | D        | Noticed a dire elephant
  3378 | D        | Noticed a dire elephant
  3378 | D        | Noticed Gastronok
  3380 | D        | Killed Gastronok
  3382 | D        | Killed a dire elephant
  3382 | D        | Reached skill level 20 in Stealth
  3384 | D        | Killed a dire elephant
  3384 | D        | Reached XP level 13. HP: 55/55 MP: 30/30
  3388 | D        | Killed an elephant
  3392 | D        | Killed an elephant
  3392 | D        | Reached skill level 15 in Short Blades
  3508 | D        | Noticed an orc knight
  3508 | D        | Noticed an orc priest
  3508 | D        | Noticed an orc wizard
  3508 | D        | Noticed an orc wizard
  3508 | D        | Noticed an orc wizard
  3508 | D        | Noticed an orc wizard
  3508 | D        | Noticed an orc knight
  3509 | D        | Found Goerghusu's Assorted Antiques.
  3510 | D        | Killed an orc knight
  3511 | D        | Killed an orc priest
  3513 | D        | Killed an orc knight
  3516 | D        | Killed an orc wizard
  3517 | D        | Killed an orc wizard
  3518 | D        | Killed an orc wizard
  3518 | D        | Killed an orc wizard
  3540 | D        | Killed a yaktaur
  3668 | D        | Noticed a deep elf priest
  3668 | D        | Noticed a deep elf knight
  3668 | D        | Noticed a deep elf knight
  3668 | D        | Noticed a deep elf knight
  3668 | D        | Noticed a deep elf priest
  3675 | D        | Noticed a deep elf annihilator
  3677 | D        | Killed a deep elf knight
  3678 | D        | Killed a deep elf knight
  3680 | D        | Killed a deep elf priest
  3682 | D        | Killed a deep elf priest
  3683 | D        | Killed a deep elf knight
  3684 | D        | Noticed a deep elf demonologist
  3754 | D        | Noticed a deep elf demonologist
  3756 | D        | Noticed a deep elf death mage
  3764 | D        | Noticed a Hell Sentinel
  4032 | D        | Noticed a deep elf blademaster
  4038 | D        | Noticed a deep elf demonologist
  4043 | D        | Killed a deep elf demonologist
  4046 | D        | Noticed a deep elf death mage
  4048 | D        | Killed a deep elf demonologist
  4051 | D        | Noticed a Hell Sentinel
  4225 | D        | Noticed a Brimstone Fiend
  4352 | D        | Killed a deep elf death mage
  4352 | D        | Reached skill level 21 in Stealth
  4504 | D        | Noticed an Executioner
  4504 | D        | Killed a deep elf demonologist
  4566 | D        | Killed a deep elf death mage
  4786 | D        | Killed a deep elf annihilator
  5335 | D        | Bought a potion of heal wounds for 65 gold pieces
  5335 | D        | Bought a potion of magic for 104 gold pieces
  5335 | D        | Bought a potion of heal wounds for 65 gold pieces
  5335 | D        | Bought a potion of curing for 39 gold pieces
  5335 | D        | Bought a potion of curing for 39 gold pieces
  5335 | D        | Bought a potion of curing for 39 gold pieces
  5338 | D        | Bought a glowing robe for 21 gold pieces
  5349 | D        | Bought an uncursed ring of flight for 210 gold pieces
  5349 | D        | Bought a +4 ring of dexterity for 324 gold pieces
  5847 | D        | Identified Vucva's Incunabulum of the Mutagenic Rocks (You found it in the Dungeon)
  5873 | D        | Learned a level 2 spell: Stoneskin
  5927 | D        | Identified Sif Muna's Grimoire of Creative Cold (You found it in the Dungeon)
  5929 | D        | Got a brightly glowing steel ring
  5947 | D        | Identified the ring "Wualat" {Ice Dex+2 SInv} (You found it in the Dungeon)
  6012 | D        | Got a smoking shortbow
  6012 | D        | Got a pitted chain mail
  6016 | D        | Identified Iskenderun's Collected Works on Gliding Conjuration (You found it in the Dungeon)
  6063 | D        | Learned a level 6 spell: Darkness
  6070 | D        | Learned a level 6 spell: Mass Confusion
  6076 | D        | Learned a level 5 spell: Phase Shift
  6086 | D        | Learned a level 8 spell: Discord
  6093 | D        | Learned a level 6 spell: Deflect Missiles
  6135 | D        | Killed a deep elf blademaster
  6135 | D        | Reached skill level 1 in Charms
  6135 | D        | Reached skill level 1 in Translocations
  6135 | D        | Reached skill level 1 in Transmutations
  6135 | D        | Reached skill level 1 in Air Magic
  6508 | D        | Killed an azure jelly
  6508 | D        | Reached skill level 1 in Shields
  6508 | D        | Reached skill level 1 in Earth Magic
  6535 | D        | Killed an azure jelly
  6705 | D        | Killed an azure jelly
  6860 | D        | Killed an azure jelly
  6948 | D        | Killed a swamp dragon skeleton
  6985 | D        | Killed a swamp dragon skeleton
  6992 | D        | Killed a swamp dragon skeleton
  6992 | D        | Reached skill level 22 in Stealth
  6994 | D        | Noticed a swamp dragon skeleton
  6994 | D        | Noticed a swamp dragon skeleton
  6998 | D        | Killed a swamp dragon skeleton
  7000 | D        | Killed a swamp dragon skeleton
  7016 | D        | Bought a glowing rapier for 96 gold pieces
  7030 | D        | Noticed a seven-headed hydra
  7030 | D        | Noticed a spectral four-headed hydra
  7030 | D        | Noticed a swamp dragon skeleton
  7031 | D        | Killed a swamp dragon skeleton
  7034 | D        | Killed a seven-headed hydra
  7037 | D        | Killed a spectral four-headed hydra
  7045 | D        | Got a decaying rune of Zot
  7151 | D        | Noticed Harold
  7151 | D        | Noticed Joseph
  7153 | D        | Killed Harold
  7153 | D        | Reached XP level 14. HP: 57/57 MP: 28/33
  7154 | D        | Killed Joseph
  7165 | D        | Noticed an orc priest
  7165 | D        | Noticed an orc priest
  7166 | D        | Noticed an orc high priest
  7166 | D        | Noticed an orc priest
  7167 | D        | Killed an orc priest
  7168 | D        | Killed an orc priest
  7170 | D        | Killed an orc high priest
  7171 | D        | Killed an orc priest
  7246 | D        | Noticed a spriggan defender
  7247 | D        | Noticed a spriggan defender
  7247 | D        | Noticed a spriggan defender
  7247 | D        | Noticed a spriggan defender
  7248 | D        | Killed a spriggan defender
  7249 | D        | Killed a spriggan defender
  7249 | D        | Reached skill level 5 in Translocations
  7254 | D        | Killed a spriggan defender
  7279 | D        | Killed a spriggan defender
  7385 | D        | Noticed a slime creature
  7387 | D        | Killed a slime creature
  7408 | D        | Noticed a centaur warrior
  7412 | D        | Killed a centaur warrior
  7422 | D        | Noticed a fire dragon
  7424 | D        | Killed a fire dragon
  7424 | D        | Reached skill level 5 in Charms
  7433 | D        | Noticed a mana viper
  7437 | D        | Killed a mana viper
  7456 | D        | Noticed a war axe of freezing
  7456 | D        | Noticed a short sword of speed
  7457 | D        | Noticed a scimitar of slicing
  7458 | D        | Noticed a hand axe of freezing
  7459 | D        | Killed a scimitar of slicing
  7461 | D        | Killed a hand axe of freezing
  7463 | D        | Killed a war axe of freezing
  7463 | D        | Reached skill level 5 in Transmutations
  7466 | D        | Killed a short sword of speed
  7520 | D        | Noticed an orange crystal statue
  7555 | D        | Killed an orange crystal statue
  7693 | D        | Found Veerudag's Distillery.
  7693 | D        | Found Viwnenepnia's General Store.
  7693 | D        | Found Cuonynki's Magic Scroll Boutique.
  7693 | D        | Found Qiuzebar's Gadget Shoppe.
  7693 | D        | Found Nidwij's Antique Armour Boutique.
  7693 | D        | Found Quled's Antique Armour Emporium.
  7693 | D        | Found Tioteadd's General Store.
  7693 | D        | Found Ablorch's Food Shop.
  7693 | D        | Found Voqu's Antique Weapon Shop.
  7693 | D        | Found Utonnedi's Jewellery Emporium.
  7693 | D        | Found Jicricw's Book Emporium.
  7693 | D        | Found Moywnoim's Gadget Boutique.
  7710 | D        | Bought a scroll of identify for 22 gold pieces
  7710 | D        | Bought a potion of curing for 33 gold pieces
  7713 | D        | Bought a scroll of identify for 24 gold pieces
  7713 | D        | Bought a scroll of identify for 24 gold pieces
  7713 | D        | Bought a scroll of identify for 24 gold pieces
  7713 | D        | Bought a scroll of identify for 24 gold pieces
  7719 | D        | Bought 2 potions of heal wounds for 100 gold pieces
  7719 | D        | Bought a potion of mutation for 25 gold pieces
  7719 | D        | Bought 2 potions of mutation for 50 gold pieces
  7719 | D        | Bought a potion of curing for 30 gold pieces
  7719 | D        | Bought a potion of heal wounds for 50 gold pieces
  7719 | D        | Bought a potion of heal wounds for 50 gold pieces
  7719 | D        | Gained mutation: You are partially covered in icy blue scales (AC +1). [potion of mutation]
  7719 | D        | Gained mutation: Your spells are a little easier to cast, but a little less powerful. [potion of mutation]
  7720 | D        | Gained mutation: You can breathe flames. [potion of mutation]
  7720 | D        | Gained mutation: You heal slowly when monsters are visible. [potion of mutation]
  7723 | D        | Bought a scroll of identify for 22 gold pieces
  7723 | D        | Bought a scroll of identify for 22 gold pieces
  7723 | D        | Bought a scroll of identify for 22 gold pieces
  7726 | D        | Bought a tattered robe for 114 gold pieces
  7736 | D        | Identified the +1 robe of Servitude {rN++} (You bought it in a shop in the Dungeon)
  7739 | D        | Bought a cloak for 99 gold pieces
  8025 | D        | Noticed a yaktaur captain
  8026 | D        | Noticed a slime creature
  8026 | D        | Noticed a slime creature
  8029 | D        | Killed a slime creature
  8030 | D        | Noticed a brown ugly thing
  8031 | D        | Killed a slime creature
  8035 | D        | Killed a brown ugly thing
  8053 | D        | Noticed a slime creature
  8063 | D        | Killed a yaktaur captain
  8070 | D        | Killed a slime creature
  8166 | D        | Noticed a green ugly thing
  8166 | D        | Noticed a merfolk
  8168 | D        | Killed a merfolk
  8170 | D        | Killed a green ugly thing
  8171 | D        | Noticed Chuck
  8189 | D        | Killed Chuck
  8201 | D        | Got a bound bronze ring
  8212 | D        | Identified the Handbook of Flight
  8234 | D        | Identified the ring of Zycidghu {rPois rC- MR+++ Str+3 Slay-5} (You found it in the Dungeon)
  8353 | D        | Noticed an anubis guard
  8353 | D        | Noticed a slime creature
  8354 | D        | Noticed Norris
  8354 | D        | Noticed a slime creature
  8355 | D        | Killed an anubis guard
  8357 | D        | Killed Norris
  8357 | D        | Reached skill level 23 in Stealth
  8357 | D        | Reached skill level 10 in Ice Magic
  8358 | D        | Killed a slime creature
  8375 | D        | Killed a slime creature
  8393 | D        | Noticed a slime creature
  8393 | D        | Noticed a lich
  8395 | D        | Killed a slime creature
  8397 | D        | Killed a lich
  8403 | D        | Noticed a slime creature
  8405 | D        | Killed a slime creature
  8407 | D        | Noticed an elephant
  8409 | D        | Noticed a shadow dragon
  8409 | D        | Noticed an ogre mage
  8409 | D        | Noticed a shadow dragon
  8411 | D        | an elephant changed into a salamander
  8503 | D        | Killed an ogre mage
  8524 | D        | Noticed an obsidian statue
  8525 | D        | Noticed a slime creature
  8528 | D        | Killed a slime creature
  8640 | D        | Killed a shadow dragon
  8808 | D        | Killed a shadow dragon
  8973 | D        | Killed an obsidian statue
  8982 | D        | Noticed a titan
  8982 | D        | Noticed a vault guard
  8982 | D        | Noticed a vault guard
  9204 | D        | Noticed a skeletal warrior
  9204 | D        | Noticed a skeletal warrior
  9204 | D        | Noticed a skeletal warrior
  9204 | D        | Noticed a skeletal warrior
  9219 | D        | Killed a skeletal warrior
  9231 | D        | Killed a skeletal warrior
  9244 | D        | Killed a skeletal warrior
  9246 | D        | Killed a skeletal warrior
  9394 | D        | Noticed an ancient lich
  9409 | D        | Identified the Incunabulum of Spatial Companions
  9423 | D        | Learned a level 2 spell: Shroud of Golubria
  9687 | D        | Noticed a mummy priest
  9687 | D        | Noticed a sphinx
  9687 | D        | Noticed a sphinx
  9688 | D        | Noticed a guardian mummy
  9688 | D        | Noticed a guardian mummy
  9791 | D        | Killed a guardian mummy
  9837 | D        | Killed a sphinx
  9837 | D        | Reached skill level 5 in Air Magic
  9837 | D        | Reached skill level 5 in Earth Magic
  9841 | D        | Killed a guardian mummy
  9862 | D        | Killed a sphinx
  9870 | D        | Killed a mummy priest
  9943 | D        | Noticed a mummy priest
  9943 | D        | Noticed a guardian mummy
  9945 | D        | Killed a guardian mummy
  9948 | D        | Killed a mummy priest
 10015 | D        | Noticed a guardian mummy
 10016 | D        | Noticed a guardian mummy
 10016 | D        | Noticed a mummy priest
 10017 | D        | Killed a guardian mummy
 10018 | D        | Killed a guardian mummy
 10018 | D        | Lost strength.
 10021 | D        | Slain by a sixfirhy

Vault maps used:
D:        dungeon_sprint_mu

Action                   |  1- 3 |  4- 6 |  7- 9 | 10-12 | 13-15 || total
-------------------------+-------+-------+-------+-------+-------++-------
Melee: Dagger            |     6 |    15 |    62 |   545 |    26 ||   654
       Rapier            |       |       |       |       |   434 ||   434
 Cast: Ensorcelled Hiber |     3 |     1 |    24 |    25 |    20 ||    73
       Dazzling Spray    |       |     5 |     8 |    57 |   167 ||   237
       Tukima's Dance    |       |     2 |       |     2 |    10 ||    14
       Confuse           |       |       |     1 |     3 |     4 ||     8
       Stoneskin         |       |       |       |       |     3 ||     3
       Phase Shift       |       |       |       |       |     2 ||     2
       Mass Confusion    |       |       |       |       |     1 ||     1
Invok: Shadow Step       |       |       |       |    10 |    12 ||    22
 Abil: Evoke Flight      |       |       |       |       |     9 ||     9
  Use: Potion            |       |     2 |       |     3 |     7 ||    12
       Scroll            |       |       |       |       |    12 ||    12
 Stab: Sleeping          |     6 |     5 |    22 |    49 |    53 ||   135
       Invisible         |       |     1 |     3 |     2 |     4 ||    10
       Distracted        |       |       |       |       |     3 ||     3
  Eat: Bread ration      |       |       |       |     1 |     1 ||     2
       Fruit             |       |       |       |       |     7 ||     7
